 Dungeon Crawl Stone Soup version 0.21.0 (webtiles) character file.

13650 Plasmagod the Arsonist (level 11, -3/85 HPs)
             Began as a Green Draconian Fire Elementalist on Jan 7, 2018.
             Was an Elder of Sif Muna.
             Shot with a bolt by a yaktaur captain (27 damage)
             ... on level 11 of the Dungeon.
             The game lasted 01:38:31 (14858 turns).

Plasmagod the Arsonist (DrFE)                      Turns: 14858, Time: 01:38:32

Health: -3/85      AC: 13    Str: 16 (17) XL:     11   Next: 78%
Magic:  15/24      EV: 14    Int: 16 (18) God:    Sif Muna [****..]
Gold:   613        SH:  0    Dex: 12      Spells: 15/28 levels left

rFire    . . .     SeeInvis .   Q - +2 falchion (vamp)
rCold    . . .     Gourm    +   (no shield)
rNeg     . . .     Faith    .   (armour unavailable)
rPois    +         Spirit   .   (helmet restricted)
rElec    .         Reflect  .   H - +0 cloak {MR+}
rCorr    .         Harm     .   (no gloves)
MR       +....                  h - +1 pair of boots
Stlth    +++.......             j - amulet of the gourmand
HPRegen  0.24/turn              m - +6 ring of strength
MPRegen  0.19/turn              L - +3 ring of protection

@: swift, quick
A: breathe noxious fumes, unfitting armour, poison resistance, cold-blooded, AC
+7
a: Breathe Noxious Fumes, Divine Energy, Channel Magic, Forget Spell, Renounce
Religion


You were on level 11 of the Dungeon.
You worshipped Sif Muna.
Sif Muna was greatly pleased with you.
You were not hungry.

You visited 2 branches of the dungeon, and saw 12 of its levels.

You collected 613 gold pieces.

Inventory:

Hand Weapons
 r - a +0 falchion
 Q - a +2 vampiric falchion (weapon)
Armour
 h - a +1 pair of boots (worn)
 H - a +0 cloak of magic resistance (worn)
Jewellery
 j - an amulet of the gourmand (around neck)
 m - a +6 ring of strength (left hand)
 p - an uncursed ring of see invisible
 F - an uncursed ring of positive energy
 L - a +3 ring of protection (right hand)
Wands
 x - a wand of polymorph (16)
 y - a wand of digging (46)
 B - a wand of acid (9)
 P - a wand of scattershot (7)
Scrolls
 c - a scroll of fog
 d - 2 scrolls of enchant armour
 f - a scroll of random uselessness {unknown}
 i - 3 scrolls of teleportation
 k - a scroll of magic mapping {unknown}
 l - 4 scrolls of remove curse
 s - a scroll of fear {unknown}
 u - a scroll of blinking {unknown}
 v - a scroll of enchant weapon
 E - a scroll of brand weapon {unknown}
 G - a scroll of identify
 I - a scroll of vulnerability {unknown}
Potions
 g - a potion of cancellation
 q - 7 potions of lignification
 t - 2 potions of brilliance
 w - a potion of ambrosia {unknown}
 z - a potion of flight {unknown}
 K - a potion of might {unknown}
 M - a potion of haste {unknown}
 N - a potion of curing
Books
 a - a book of Flames

   Spells                             Type                      Level
   a - Flame Tongue                   Conjuration/Fire             1
   b - Throw Flame                    Conjuration/Fire             2
   c - Conjure Flame                  Conjuration/Fire             3
   d - Inner Flame                    Hexes/Fire                   3
   e - Sticky Flame                   Conjuration/Fire             4
   f - Fireball                       Conjuration/Fire             5
 A - a book of Air

   Spells                             Type                      Level
   a - Shock                          Conjuration/Air              1
   b - Swiftness                      Charms/Air                   2
   c - Static Discharge               Conjuration/Air              3
   d - Airstrike                      Air                          4
   e - Lightning Bolt                 Conjuration/Air              5
 C - a book of Maledictions

   Spells                             Type                      Level
   a - Corona                         Hexes                        1
   b - Ensorcelled Hibernation        Hexes/Ice                    2
   c - Confuse                        Hexes                        3
   d - Tukima's Dance                 Hexes                        3
   e - Dazzling Spray                 Conjuration/Hexes            3
 D - a book of Battle

   Spells                             Type                      Level
   a - Infusion                       Charms                       1
   b - Shroud of Golubria             Charms/Translocation         2
   c - Song of Slaying                Charms                       2
   d - Spectral Weapon                Hexes/Charms                 3
   e - Regeneration                   Charms/Necromancy            3
Miscellaneous
 e - a lightning rod (4/4)
Comestibles
 b - 14 rations


   Skills:
 + Level 4.7 Fighting
 + Level 7.3 Long Blades
 + Level 5.3 Dodging
 + Level 4.7 Stealth
 + Level 0.9 Unarmed Combat
 + Level 9.0 Spellcasting
 + Level 8.6 Conjurations
 + Level 2.0 Hexes
 + Level 0.2 Charms
 + Level 9.0 Fire Magic
 + Level 1.1 Ice Magic
 + Level 0.6 Air Magic
 + Level 0.2 Evocations


You had 15 spell levels left.
You knew the following spells:

 Your Spells              Type           Power        Failure   Level  Hunger
a - Flame Tongue          Conj/Fire      #####        1%          1    None
b - Throw Flame           Conj/Fire      #####.       1%          2    None
c - Conjure Flame         Conj/Fire      #####...     1%          3    #......
d - Ensorcelled Hibernat  Hex/Ice        ##....       8%          2    None
e - Swiftness             Chrm/Air       #.......     13%         2    None
f - Regeneration          Chrm/Necr      #.........   28%         3    #......


Dungeon Overview and Level Annotations

Branches:
Dungeon (11/15)            Temple (1/1) D:6            Lair (0/6) D:9
    Orc (0/2) D:9

Altars:
Ashenzari
Cheibriados
Dithmenos
Elyvilon
Fedhas
Gozag
Hepliaklqana
Kikubaaqudgha
Makhleb
Nemelex Xobeh
Okawaru
Qazlal
Ru
Sif Muna
Trog
Uskayaw
Vehumet
Wu Jian
Xom
Yredelemnul
Zin
The Shining One

Shops:
D:6 }   D:9 [


Innate Abilities, Weirdness & Mutations

You can breathe blasts of noxious fumes.
Your lurid green scales are hard. (AC +7)
You cannot fit into any form of body armour.
Your system is resistant to poisons. (rPois)
You are cold-blooded and may be slowed by cold attacks.


Message History

Press: ? - help, Dir - move target cursor, p - yaktaur captain The fire ignites!
The yaktaur captain shoots a bolt.
The bolt barely misses you.
Casting: Conjure Flame
Confirm with . or Enter, or press ? or * to list all spells.
Aiming: Conjure Flame
Press: ? - help, Dir - move target cursor The fire ignites!
The yaktaur captain shoots a bolt.
The bolt barely misses you.
The yaktaur captain is engulfed in blazing flames.
The yaktaur captain shoots a bolt.
The bolt hits you!!!
* * * LOW HITPOINT WARNING * * *
Okay, then.
Casting: Conjure Flame
Confirm with . or Enter, or press ? or * to list all spells.
You feel quick.
Things that are here:
a bolt; a giant club The yaktaur captain shoots a bolt.
The bolt hits you!!
You die...

........†.#≈≈..#[..#..≈≈#..#.#
........#..≈≈≈.##.##.≈≈≈.....#
##.....###..≈≈≈.....≈≈≈..#.######
##.....###..!#≈≈...≈≈##..........
.C......##.##.≈≈≈≈≈≈≈###.........
.....)..##.##..≈≈≈≈≈..##.........
........##......###..............
..............#..#..#####........
......#.......##@.(#.....########
.#...##.......#..........#####
.#.#.##....####(##(........^.#
...........####.##...........#
...>.....(......##.c.........###
..............................#
............................##
............................'.
............................##


You could see a yaktaur captain.

Vanquished Creatures
  A two-headed ogre (D:9)
  The ghost of Squigly the Blocker, a novice MiFi of Makhleb (D:8)
  A deep elf mage (D:11)
  3 ugly things (D:11)
  A cyclops (D:11)
  Maurice (D:8)
  Joseph (D:10)
  Psyche (D:8)
  An ice statue (D:11)
  A centaur skeleton (D:11)
  A troll (D:10)
  5 ice devils (D:11)
  A merfolk (D:10)
  2 hippogriffs
  A shadow (D:11)
  6 yaks (D:9)
  A hungry ghost (D:9)
  Grum (D:8)
  2 water moccasins
  An acid dragon (D:11)
  2 porcupines (D:9)
  5 orc warriors
  A black bear (D:6)
  2 ice beasts
  2 phantoms
  3 sky beasts
  2 necrophages
  5 ogres
  2 wolves (D:8)
  11 centaurs
  A crocodile (D:11)
  7 bullfrogs
  5 scorpions
  3 killer bees
  4 wights (D:10)
  7 howler monkeys
  3 crimson imps
  6 hounds
  A bullfrog zombie (D:7)
  2 centaur zombies
  A bullfrog skeleton (D:5)
  The ghost of tidbits the Sneak, a weakling FeAE (D:5)
  4 orc priests
  3 iguanas
  8 worker ants
  8 orc wizards
  2 hound zombies
  A hound skeleton (D:9)
  12 adders
  A shadow imp (D:11)
  7 ufetubi (D:11)
  3 oozes
  An adder skeleton (D:2)
  3 worms
  4 dart slugs
  4 leopard geckos
  32 orcs
  3 giant cockroaches
  4 hobgoblins (D:2)
  7 jackals
  3 quokkas
  2 ball pythons
  A ball python skeleton (D:4)
  6 bats
  5 frilled lizards
  3 goblins
  A jackal skeleton (D:5)
  11 kobolds
  A leopard gecko zombie (D:5)
  A quokka skeleton (D:5)
  4 rats
254 creatures vanquished.

Vanquished Creatures (others)
  A fungus (D:9)
1 creature vanquished.

Grand Total: 255 creatures vanquished

Notes
Turn   | Place    | Note
-------+----------+-------------------------------------------
     0 | D:1      | Plasmagod the Draconian Fire Elementalist began the quest for the Orb.
     0 | D:1      | Reached XP level 1. HP: 14/14 MP: 3/3
     2 | D:1      | Noticed a centaur
     2 | D:1      | Noticed a gargoyle
     4 | D:1      | Noticed a demigod
     8 | D:1      | Noticed a minotaur
     8 | D:1      | Noticed a tengu
    10 | D:1      | Noticed a demonspawn
    10 | D:1      | Noticed a spriggan
    12 | D:1      | Noticed a naga
    14 | D:1      | Noticed a troll
    14 | D:1      | Noticed a halfling
    16 | D:1      | Noticed an ogre
    16 | D:1      | Noticed a merfolk
    18 | D:1      | Noticed a vine stalker
    18 | D:1      | Noticed a human
    20 | D:1      | Noticed a vampire
    20 | D:1      | Noticed an octopode
    22 | D:1      | Noticed a dwarf
    22 | D:1      | Noticed a felid
    24 | D:1      | Noticed a ghoul
    24 | D:1      | Noticed a formicid
    26 | D:1      | Noticed a draconian
    26 | D:1      | Noticed an elf
   166 | D:1      | Reached XP level 2. HP: 10/20 MP: 0/5
   659 | D:1      | Reached XP level 3. HP: 24/26 MP: 3/6
   990 | D:2      | Reached XP level 4. HP: 33/33 MP: 0/7
  2096 | D:3      | Reached XP level 5. HP: 36/38 MP: 6/9
  2348 | D:4      | Found a shimmering altar of Xom.
  2349 | D:4      | Found a shimmering altar of Xom.
  2349 | D:4      | Found a shimmering altar of Xom.
  2349 | D:4      | Found a shimmering altar of Xom.
  2350 | D:4      | Found a shimmering altar of Xom.
  2350 | D:4      | Found a shimmering altar of Xom.
  2441 | D:4      | Reached skill level 1 in Long Blades
  2523 | D:4      | Reached XP level 6. HP: 18/46 MP: 6/10
  2817 | D:4      | Reached skill level 1 in Fighting
  2900 | D:4      | Found an iron altar of Okawaru.
  3256 | D:5      | Entered Level 5 of the Dungeon
  3374 | D:5      | Noticed tidbits's ghost (weakling FeAE)
  3380 | D:5      | Killed tidbits's ghost
  3636 | D:5      | Your scales start taking on a lurid green colour.
  3636 | D:5      | Reached XP level 7. HP: 12/52 MP: 5/12
  3636 | D:5      | Gained mutation: Your system is resistant to poisons. (rPois) [Green Draconian growth]
  4311 | D:5      | Learned a level 3 spell: Conjure Flame
  4354 | D:6      | Learned a level 2 spell: Throw Flame
  4796 | D:6      | Found Ybaluil's Gadget Shop.
  4832 | D:6      | Reached skill level 5 in Fire Magic
  4836 | D:6      | Learned a level 2 spell: Ensorcelled Hibernation
  4959 | D:6      | Reached XP level 8. HP: 40/62 MP: 10/14
  5852 | D:6      | Learned a level 2 spell: Swiftness
  5857 | D:6      | Found a staircase to the Ecumenical Temple.
  5865 | Temple   | Entered the Ecumenical Temple
  5872 | Temple   | Became a worshipper of Sif Muna the Loreminder
  6589 | D:7      | Found a glowing golden altar of the Shining One.
  6982 | D:8      | Reached skill level 5 in Spellcasting
  7002 | D:8      | Reached XP level 9. HP: 69/69 MP: 10/16
  7036 | D:8      | Reached skill level 5 in Long Blades
  7222 | D:8      | Reached skill level 5 in Conjurations
  7491 | D:8      | Noticed Grum
  7504 | D:8      | Killed Grum
  7677 | D:8      | Noticed Squigly's ghost (novice MiFi)
  8164 | D:8      | Noticed Maurice
  8180 | D:8      | Killed Maurice
  8180 | D:8      | Reached * piety under Sif Muna
  8180 | D:8      | Reached skill level 1 in Ice Magic
  8183 | D:8      | Reached skill level 1 in Hexes
  8255 | D:8      | Found a shadowy altar of Dithmenos.
  8329 | D:8      | Noticed Psyche
  8334 | D:8      | Paralysed by Psyche for 2 turns
  8339 | D:8      | Killed Psyche
  8841 | D:9      | Found a staircase to the Orcish Mines.
  9173 | D:8      | Killed Squigly's ghost
  9173 | D:8      | Reached XP level 10. HP: 40/78 MP: 12/20
  9676 | D:9      | Noticed a two-headed ogre
  9696 | D:9      | Reached ** piety under Sif Muna
  9697 | D:9      | Killed a two-headed ogre
  9697 | D:9      | Reached skill level 5 in Dodging
  9858 | D:9      | Found Tittiad's Armour Shoppe.
 10168 | D:9      | Found an ancient bone altar of Kikubaaqudgha.
 10287 | D:9      | Found a staircase to the Lair.
 10361 | D:10     | Entered Level 10 of the Dungeon
 10686 | D:10     | Learned a level 3 spell: Regeneration
 11040 | D:10     | Reached *** piety under Sif Muna
 11040 | D:10     | Reached XP level 11. HP: 30/85 MP: 0/22
 11293 | D:10     | Noticed Joseph
 11346 | D:10     | Killed Joseph
 12892 | D:11     | HP: 2/85 [ice beast[an ice statue] (11)]
 14048 | D:11     | Noticed a green ugly thing
 14052 | D:11     | Noticed a white ugly thing
 14071 | D:11     | Killed a green ugly thing
 14072 | D:11     | Noticed a green ugly thing
 14084 | D:11     | Killed a green ugly thing
 14087 | D:11     | Killed a green ugly thing
 14228 | D:11     | Reached **** piety under Sif Muna
 14269 | D:11     | Found a runed door.
 14318 | D:11     | Noticed a yaktaur captain
 14318 | D:11     | Noticed a skeletal warrior
 14318 | D:11     | Noticed a deep elf mage
 14336 | D:11     | Killed a deep elf mage
 14858 | D:11     | Shot with a bolt by a yaktaur captain

Skill      XL: |  1  2  3  4  5  6  7  8  9 10 11 |
---------------+----------------------------------+-----
Dodging        | 2 3 4 5 |  5.3
Stealth        | 2 3 4 |  4.7
Fire Magic     | 4 5 6 7 9 |  9.0
Conjurations   | 2 3 4 5 7 8 |  8.6
Spellcasting   | 3 4 5 6 7 9 |  9.0
Long Blades    | 1 2 3 4 5 6 7 |  7.3
Fighting       | 1 2 3 4 |  4.7
Ice Magic      | 1 |  1.1
Hexes          | 1 2 |  2.0
Unarmed Combat | |  0.9
Charms         | |  0.2
Air Magic      | |  0.6
Evocations     | |  0.2

Action                   |  1- 3 |  4- 6 |  7- 9 | 10-12 || total
-------------------------+-------+-------+-------+-------++-------
Melee: Unarmed           |    37 |       |       |       ||    37
       Tailslap          |     2 |    25 |    35 |    43 ||   105
       Spear             |    17 |     4 |       |       ||    21
       Falchion          |       |   229 |   168 |   242 ||   639
       Punch             |       |     2 |     1 |     1 ||     4
 Cast: Flame Tongue      |    43 |    95 |   189 |   321 ||   648
       Throw Flame       |       |       |    32 |    61 ||    93
       Conjure Flame     |       |       |     3 |    32 ||    35
       Ensorcelled Hiber |       |       |     5 |     2 ||     7
       Swiftness         |       |       |     2 |     1 ||     3
Invok: Divine Energy     |       |       |       |     2 ||     2
       Stop Divine Energ |       |       |       |     2 ||     2
 Abil: Breathe Noxious F |       |       |    10 |     8 ||    18
Evoke: Wand              |       |       |       |     1 ||     1
  Use: Scroll            |       |     3 |     7 |     3 ||    13
       Potion            |       |       |     4 |     6 ||    10
 Stab: Sleeping          |       |       |     3 |       ||     3
       Confused          |       |       |     1 |     9 ||    10
  Eat: Chunk             |     1 |     6 |    21 |    28 ||    56
       Ration            |       |     1 |     2 |     1 ||     4
Armor: Skin              |    25 |    94 |    64 |    90 ||   273
Dodge: Dodged            |    41 |   164 |   180 |   186 ||   571
       Rpst.: Falchion   |       |    48 |    60 |    46 ||   154
